 Dungeon Crawl Stone Soup version 0.30-a0-341-g682706514a (webtiles) character file.

Game seed: 8229273374660276523

108640 Pooter the Marksminotaur (level 16, 0/149 HPs)
             Began as a Minotaur Berserker on Nov 3, 2022.
             Was a High Priest of Trog.
             Slain by a +6 long sword (15 damage)
             ... on level 14 of the Dungeon on Nov 4, 2022.
             The game lasted 02:24:12 (23690 turns).

Pooter the Marksminotaur (Minotaur Berserker)      Turns: 23690, Time: 02:24:13

Health: 0/149      AC: 34    Str: 27    XL:     16   Next: 3%
Magic:  12/15      EV:  8    Int:  6    God:    Trog [*****.]
Gold:   1316       SH:  0    Dex: 14    Spells: 15/15 levels left

rFire   . . .      SeeInvis +    q - +10 dark maul {vorpal}
rCold   + . .      Faith    .    (shield currently unavailable)
rNeg    + + .      Spirit   .    S - +7 plate armour
rPois   .          Reflect  .    L - +2 hat
rElec   .          Harm     .    N - +2 cloak of the Thief {*Fog Slay-2 SInv Stlth+}
rCorr   .          Rampage  .    Q - +1 pair of gloves of Siecom {+Blink Regen+}
Will    +....                    n - +1 pair of boots
Stlth   ..........               M - amulet of regeneration
HPRegen 2.04/turn                o - +4 ring of protection
MPRegen 0.14/turn                I - ring "Lihumie" {rC+ rN++ Str+3 Stlth-}

@: about to teleport
A: horns 2, retaliatory headbutt
a: Renounce Religion, Evoke Blink, Berserk, Trog's Hand, Brothers in Arms


You were on level 14 of the Dungeon.
You worshipped Trog.
Trog was extremely pleased with you.
You visited 3 branches of the dungeon, and saw 21 of its levels.
You also visited: Bailey and Gauntlet.

You collected 2394 gold pieces.
You spent 1078 gold pieces at shops.

Inventory:

Hand Weapons
 a - a +9 broad axe of draining
   (You took it off an orc warlord in a bailey)
 b - a +5 arbalest of freezing
   (You took it off an orc on level 2 of the Orcish Mines)
 e - a +1 demon whip of venom
   (You took it off Amaemon on level 1 of the Lair of Beasts)
 q - the +10 dark maul (weapon) {vorpal}
   (You took it off a two-headed ogre on level 1 of the Orcish Mines)

   It inflicts extra damage upon your enemies.
 P - a +0 dire flail
   (You took it off an orc warrior on level 8 of the Dungeon)
Missiles
 c - 16 curare-tipped darts
 l - 2 silver javelins
 w - 27 poisoned darts
 R - 7 silver boomerangs
 U - 3 boomerangs of dispersal {!f}
 V - 29 boomerangs (quivered)
Armour
 n - a +1 pair of boots (worn)
   (You found it on level 3 of the Dungeon)
 B - the +2 cloak of Melancholy {rPois rN+ MP+9 Int+4}
   (You found it on level 12 of the Dungeon)

   Int:       It affects your intelligence (+4).
   rPois:     It protects you from poison.
   rN:        It protects you from negative energy.
   MP:        It affects your magic capacity (+9).
 L - a +2 hat (worn)
   (You found it on level 5 of the Lair of Beasts)
 N - the +2 cloak of the Thief (worn) {*Fog Slay-2 SInv Stlth+}
   (You found it in a Gauntlet)

   It may release a thick cloud of smoke when the wearer is hurt.
   Slay:      It affects your accuracy & damage with ranged weapons and melee
   (-2).
   SInv:      It lets you see invisible.
   Stlth:     It makes you more stealthy.
 Q - the +1 pair of gloves of Siecom (worn) {+Blink Regen+}
   (You acquired it on level 13 of the Dungeon)

   +Blink:    It lets you blink.
   Regen:     It increases your rate of health regeneration.
 S - a +7 plate armour (worn)
   (You found it on level 8 of the Dungeon)
 T - a +0 kite shield of positive energy
   (You found it in a Gauntlet)
 Y - a +2 pair of gloves of dexterity
   (You found it on level 10 of the Dungeon)
Jewellery
 h - a ring of flight
   (You found it on level 2 of the Lair of Beasts)
 m - an amulet of the acrobat
   (You found it on level 1 of the Dungeon)
 o - a +4 ring of protection (left hand)
   (You found it in a Gauntlet)
 r - a +4 ring of protection
   (You found it on level 3 of the Dungeon)
 C - a ring of resist corrosion
   (You found it on level 2 of the Dungeon)
 H - a ring of protection from cold
   (You found it on level 4 of the Dungeon)
 I - the ring "Lihumie" (right hand) {rC+ rN++ Str+3 Stlth-}
   (You found it on level 14 of the Dungeon)

   [ring of protection from cold]

   Str:       It affects your strength (+3).
   rC:        It protects you from cold.
   rN:        It greatly protects you from negative energy.
   Stlth:     It makes you less stealthy.
 M - an amulet of regeneration (around neck)
   (You found it on level 6 of the Dungeon)
Wands
 d - a wand of iceblast (7)
   (You took it off Maurice on level 1 of the Orcish Mines)
 u - a wand of paralysis (11)
   (You found it on level 3 of the Lair of Beasts)
 v - a wand of polymorph (11)
   (You found it on level 5 of the Lair of Beasts)
 F - a wand of quicksilver (5)
   (You found it on level 6 of the Dungeon)
Scrolls
 i - 3 scrolls of identify {@r1}
 p - 2 scrolls of magic mapping
 t - 4 scrolls of teleportation {@r4}
 x - a scroll of butterflies
 y - 3 scrolls of immolation {!r}
 A - 11 scrolls of fear
 J - 5 scrolls of poison {!r}
 Z - a scroll of summoning
Potions
 g - 2 potions of attraction {!q}
 j - 6 potions of heal wounds {@q2}
 k - 6 potions of lignification {!q}
 s - 9 potions of mutation {!q}
 z - 7 potions of resistance
 D - 6 potions of ambrosia
 E - 3 potions of cancellation
 G - a potion of haste {@q3}
 K - 3 potions of flight
 O - 12 potions of curing {@q1}
 X - 3 potions of might
Miscellaneous
 f - a piece from Xom's chessboard (15/15)
   (You found it on level 5 of the Lair of Beasts)
 W - a phantom mirror
   (You found it in a bailey)


   Skills:
 + Level 15.4 Fighting
 - Level 17.8(18.4) Axes
 * Level 8.2(14.0) Maces & Flails
 * Level 18.6 Ranged Weapons
 + Level 6.9 Armour
 - Level 2.1 Dodging
 - Level 9.5 Evocations


You had 15 spell levels left.
You didn't know any spells.
Your spell library was empty.

Dungeon Overview and Level Annotations

Branches:
Dungeon (14/15)            Temple (0/1) D:5            Lair (5/5) D:10
 Shoals (0/4) Lair:3        Snake (0/4) Lair:2        Slime (0/5) Lair:5
    Orc (2/2) D:11            Elf (0/3) Orc:2        Bailey (visited)
Gauntlet (visited)
 Vaults: D:13-14

Altars:
Ashenzari
Cheibriados
Elyvilon
Gozag
Hepliaklqana
Makhleb
Nemelex Xobeh
Okawaru
Ru
Trog
Uskayaw
Vehumet
Xom
Jiyva

Shops:
D:10 *   D:11 [:((:   D:12 *   D:13 (   Orc:2 ?*(

Portals:
Trove: D:13 (give +3 gold dragon scales)

Annotations:
D:3 1 runed translucent door, Crazy Yiuf
D:14 Louise
Lair:4 exclusion: 4 oklob plants


Innate Abilities, Weirdness & Mutations

You have a pair of horns on your head.
You reflexively headbutt those who attack you in melee.


Message History

Your skin stops crawling.
You feel less strong-willed.
The culicivora's many legs skitter faintly.
The centaur warrior shouts!
You hear a shout!
The culicivora changes into an entropy weaver!
The centaur warrior wields a +0 shortbow.
The centaur warrior shoots an arrow.
The arrow hits you.
* * * LOW HITPOINT WARNING * * *
Louise points at you and mumbles some strange words.
The stone arrow hits you!!
* * * LOW HITPOINT WARNING * * *
A +6 long sword comes into view.
The centaur warrior shoots an arrow.
The arrow hits you but does no damage.
Louise casts a spell.
Louise blinks!
The manticore bites you but does no damage.
The manticore claws you but does no damage. x2
The centaur warrior shoots an arrow.
The arrow hits you but does no damage. The manticore bites you.
* * * LOW HITPOINT WARNING * * *
The manticore claws you but does no damage. x2
The centaur warrior shoots an arrow.
The arrow barely misses you.
Unknown command.
As you read the scroll of fear, it crumbles to dust.
You assume a fearsome visage.
The entropy weaver looks frightened!
The +6 long sword is unaffected.
Louise looks frightened!
The manticore looks frightened!
The centaur warrior resists with some effort.
A cyclops comes into view.
The centaur warrior shoots an arrow.
The arrow hits you!
* * * LOW HITPOINT WARNING * * *
Louise casts a spell.
Louise blinks!
Unknown command.
You feel much better.
The entropy weaver changes into a harpy!
The centaur warrior shoots an arrow.
The arrow hits you but does no damage.
A +7 long sword comes into view.
The centaur warrior shoots an arrow.
The arrow hits you but does no damage.
Unknown command.
As you read the scroll of teleportation {@r4}, it crumbles to dust.
You feel strangely unstable. The +6 long sword hits you!
* * * LOW HITPOINT WARNING * * *
The centaur warrior shoots an arrow.
The arrow barely misses you.
The +6 long sword hits you but does no damage.
The cyclops throws a large rock.
The large rock hits you!
* * * LOW HITPOINT WARNING * * *
With a swish of your cloak, you release a cloud of fog.
The +6 long sword hits you but does no damage.
The +6 long sword hits you!
You die...

#......PP +#P..
#......P##
#.♣P.P♣P..
###.#..P#
P...P.... .....P
# .........
..PP###..........
...PPP..#..#.....
....... ..§......
.......##§§§..#.#
.......@(H§§.....
.....#§##§§.....#
.#. ..§ §§§§.c..#
.... .........#
..... ...(H....C.
......#)#.....#.#
.....#####....# #
..... .§..#


You could see a harpy shaped shifter and a +6 long sword.

Vanquished Creatures
  Kirke (Lair:5)
  An orc warlord (Bailey)
  Nessos (Lair:5)
  Azrael (D:13)
  A minotaur (Gauntlet)
  The ghost of Darkkill the Fighter, a journeyman MiHu of Nemelex Xobeh (Lair:4)
  An ettin (Orc:1)
  A fire dragon (D:10)
  Fannar (Lair:1)
  2 catoblepae
  6 hydras
  5 boulder beetles
  6 two-headed ogres
  6 centaur warriors
  The ghost of eyols the Basher, a journeyman GrFi of Hepliaklqana (D:11)
  9 death yaks
  2 deep elf knights
  Nergalle (D:11)
  Sonja (Lair:2)
  Amaemon (Lair:1)
  15 spriggans
  3 skeletal warriors (D:13)
  A glowing orange brain (shapeshifter) (D:14)
  A wizard (D:14)
  A lindwurm (Lair:4)
  3 orc knights (Orc:2)
  2 deep elf pyromancers (D:14)
  8 ugly things
  An oklob plant (Gauntlet)
  An orc sorcerer (Orc:2)
  7 manticores
  8 cyclopes
  Maurice (Orc:1)
  An orange demon (Lair:1)
  4 black mambas
  4 elephants
  9 cane toads
  A torpor snail (Lair:5)
  2 unseen horrors
  A yaktaur (D:14)
  A freezing wraith (D:14)
  2 kobold demonologists
  An ice devil (Gauntlet)
  3 rime drakes (Lair:4)
  8 komodo dragons
  4 trolls
  3 meliai (Lair:4)
  8 polar bears
  8 hornets
  Grinder (D:4)
  2 queen bees
  16 dream sheep
  25 blink frogs
  A blink frog (shapeshifter) (D:13)
  7 slime creatures
  A centaur simulacrum (D:14)
  A vampire (D:12)
  A spriggan (shapeshifter) (D:14)
  6 shadows
  3 wraiths
  24 yaks
  Eustachio (D:5)
  3 wyverns
  4 hogs (Lair:5)
  3 fire elementals (D:13)
  5 basilisks
  3 steam dragons
  9 vampire mosquitoes
  3 wargs
  Edmund (D:6)
  6 nagas (Lair:2)
  6 acid dragons
  21 water moccasins
  2 hell hounds (D:13)
  35 orc warriors
  9 black bears
  2 ice beasts
  2 sky beasts (D:8)
  3 boggarts (Lair:5)
  6 ogres
  27 wolves
  15 centaurs
  2 phantoms
  5 kobold brigands
  13 bullfrogs
  A necrophage (D:8)
  2 gnoll sergeants
  7 wights
  47 killer bees
  4 howler monkeys
  3 hounds
  A gnoll bouda (D:8)
  10 orc priests
  22 orc wizards
  A hell rat (Lair:4)
  An iguana (D:7)
  8 gnolls
  10 adders
  2 shadow imps (D:8)
  8 white imps
  An ufetubus (D:7)
  2 dart slugs (D:1)
  51 orcs
  4 endoplasms
  A giant cockroach (D:1)
  10 hobgoblins
  4 jackals (D:5)
  21 kobolds
  9 quokkas
  10 ball pythons
  4 bats
  A frilled lizard (D:2)
  16 goblins
  6 rats
702 creatures vanquished.

Vanquished Creatures (collateral kills)
  A boulder beetle (Lair:4)
  A cane toad (Lair:4)
  An orc (D:9)
3 creatures vanquished.

Vanquished Creatures (others)
  2 humans (Lair:5)
  An orc (D:6)
  55 fungi
  33 plants
  14 withered plants (Gauntlet)
105 creatures vanquished.

Grand Total: 810 creatures vanquished

Notes
Turn   | Place    | Note
-------+----------+-------------------------------------------
     0 | D:1      | Pooter the Minotaur Berserker began the quest for the Orb.
     0 | D:1      | Reached XP level 1. HP: 19/19 MP: 0/0
    37 | D:1      | You fall into a shaft and drop 1 floor!
   297 | D:2      | Reached XP level 2. HP: 22/27 MP: 1/1
   462 | D:2      | Reached XP level 3. HP: 33/33 MP: 2/2
   590 | D:1      | Reached ** piety under Trog
  1062 | D:1      | Reached skill level 5 in Axes
  1620 | D:3      | Reached XP level 4. HP: 40/40 MP: 3/3
  1779 | D:3      | Found a hide-covered altar of Uskayaw.
  2142 | D:3      | Found a shimmering altar of Xom.
  2148 | D:3      | Found a hazy altar of Hepliaklqana.
  2152 | D:3      | Found a sacrificial altar of Ru.
  2152 | D:3      | Found an opulent altar of Gozag.
  2152 | D:3      | Found a snail-covered altar of Cheibriados.
  2154 | D:3      | Found a bloodstained altar of Trog.
  2155 | D:3      | Found a sparkling altar of Nemelex Xobeh.
  2156 | D:3      | Found a white marble altar of Elyvilon.
  2157 | D:3      | Found a radiant altar of Vehumet.
  2339 | D:3      | Found a runed translucent door.
  2340 | D:3      | Noticed Crazy Yiuf
  2404 | D:4      | Noticed an ogre
  2409 | D:4      | Killed an ogre
  2410 | D:4      | Reached skill level 5 in Fighting
  2410 | D:4      | Reached XP level 5. HP: 48/48 MP: 4/4
  2517 | D:4      | Noticed a phantom
  2526 | D:4      | Killed a phantom
  2527 | D:4      | Reached XP level 6. HP: 56/56 MP: 5/5
  2871 | D:4      | Noticed Grinder
  3085 | D:4      | Paralysed by Grinder for 2 turns
  3090 | D:4      | Killed Grinder
  3091 | D:4      | Reached XP level 7. HP: 63/63 MP: 6/6
  3564 | D:5      | Entered Level 5 of the Dungeon
  3957 | D:5      | Found a staircase to the Ecumenical Temple.
  4030 | D:5      | Found a broken altar of Ashenzari.
  4173 | D:5      | Noticed Eustachio
  4205 | D:5      | Killed Eustachio
  4206 | D:5      | Reached skill level 10 in Axes
  4206 | D:5      | Reached skill level 1 in Ranged Weapons
  4206 | D:5      | Reached XP level 8. HP: 46/73 MP: 7/7
  4468 | D:5      | Reached skill level 2 in Ranged Weapons
  4820 | D:6      | Reached skill level 3 in Ranged Weapons
  4928 | D:6      | Reached skill level 1 in Maces & Flails
  5200 | D:6      | Noticed Edmund
  5208 | D:6      | Killed Edmund
  5209 | D:6      | Reached skill level 4 in Ranged Weapons
  5343 | D:7      | Reached XP level 9. HP: 81/81 MP: 8/8
  5489 | D:7      | Reached skill level 5 in Ranged Weapons
  5646 | D:7      | Found an iron altar of Okawaru.
  6237 | D:8      | Reached skill level 1 in Evocations
  6247 | D:8      | Noticed a two-headed ogre
  6313 | D:8      | Reached skill level 6 in Ranged Weapons
  6437 | D:8      | Identified the +0 leather armour of Watchfulness {rCorr
                  | Str+4 Slay-6 Stlth+}
  6490 | D:8      | Reached skill level 7 in Ranged Weapons
  6510 | D:8      | Reached XP level 10. HP: 91/91 MP: 9/9
  6702 | D:8      | Killed a two-headed ogre
  7184 | D:9      | Noticed a two-headed ogre
  7192 | D:9      | Killed a two-headed ogre
  7193 | D:9      | Reached skill level 8 in Ranged Weapons
  7247 | D:9      | Reached *** piety under Trog
  7886 | D:10     | Entered Level 10 of the Dungeon
  7886 | D:10     | Noticed a centaur warrior
  7893 | D:10     | Killed a centaur warrior
  7894 | D:10     | Reached skill level 10 in Fighting
  7980 | D:10     | Found Hotozaa's CLEARANCE SALE!.
  7984 | D:10     | Reached skill level 9 in Ranged Weapons
  7987 | D:10     | Bought a potion of lignification for 9 gold pieces
  8219 | D:10     | Noticed an elephant
  8232 | D:10     | Killed an elephant
  8258 | D:10     | Found a flagged portal.
  8281 | Bailey   | Entered a bailey
  8286 | Bailey   | Noticed an orc warlord
  8319 | Bailey   | Reached XP level 11. HP: 100/100 MP: 10/10
  8395 | Bailey   | Found a runed translucent gate.
  8397 | Bailey   | Found a runed translucent gate.
  8403 | Bailey   | Found a runed translucent gate.
  8591 | Bailey   | Killed an orc warlord
  8687 | Bailey   | Reached skill level 15 in Axes
  8687 | Bailey   | Reached skill level 11 in Ranged Weapons
  8687 | Bailey   | Reached XP level 12. HP: 107/107 MP: 11/11
  8987 | D:10     | Noticed a fire dragon
  9001 | D:10     | Killed a fire dragon
  9135 | D:10     | Found a staircase to the Lair.
  9346 | D:10     | Found a burning altar of Makhleb.
  9397 | Lair:1   | Entered Level 1 of the Lair of Beasts
  9444 | Lair:1   | Reached skill level 12 in Ranged Weapons
  9483 | Lair:1   | Noticed Amaemon
  9495 | Lair:1   | Killed Amaemon
  9496 | Lair:1   | Reached skill level 5 in Evocations
  9871 | Lair:1   | Noticed Fannar
  9882 | Lair:1   | Killed Fannar
 10407 | Lair:2   | Noticed Sonja
 10414 | Lair:2   | Killed Sonja
 10434 | Lair:2   | Reached skill level 13 in Ranged Weapons
 10716 | Lair:2   | Found a staircase to the Snake Pit.
 10837 | Lair:2   | Reached XP level 13. HP: 116/116 MP: 12/12
 11053 | Lair:3   | Found a gate leading to a gauntlet.
 11134 | Gauntlet | Entered a Gauntlet
 11134 | Gauntlet | Found a transporter.
 11134 | Gauntlet | Found a transporter.
 11134 | Gauntlet | Found a transporter.
 11175 | Gauntlet | Found a transporter.
 11194 | Gauntlet | Found a transporter.
 11194 | Gauntlet | Found a transporter.
 11226 | Gauntlet | Found a transporter.
 11263 | Gauntlet | Identified the +3 helmet "Horch" {rPois Will+}
 11267 | Gauntlet | Found a transporter.
 11274 | Gauntlet | Noticed a minotaur
 11275 | Gauntlet | Found the +2 cloak of the Thief {*Fog Slay-2 SInv Stlth+}
 11285 | Gauntlet | Killed a minotaur
 11294 | Gauntlet | Identified the +4 rapier of Yeast {freeze, rElec rC- Str+3}
 11467 | Lair:3   | You fall into a shaft and drop 2 floors!
 11467 | Lair:5   | Entered Level 5 of the Lair of Beasts
 11535 | Lair:5   | Reached **** piety under Trog
 11570 | Lair:5   | Reached skill level 14 in Ranged Weapons
 13593 | Lair:5   | Identified the +3 glaive "Nairi" {speed, Fragile rPois
                  | Str+4 Stlth+}
 13687 | Lair:5   | Found a staircase to the Slime Pits.
 13687 | Lair:5   | Found a viscous altar of Jiyva.
 13823 | Lair:5   | Noticed Kirke
 13823 | Lair:5   | Noticed Nessos
 13840 | Lair:5   | Killed Nessos
 13847 | Lair:5   | Killed Kirke
 14615 | Lair:5   | Reached skill level 15 in Ranged Weapons
 14751 | Lair:5   | Reached XP level 14. HP: 127/127 MP: 13/13
 15267 | Lair:4   | Reached ***** piety under Trog
 15399 | Lair:4   | Found a transporter.
 15416 | Lair:4   | Found a transporter.
 15416 | Lair:4   | Noticed Darkkill's ghost (journeyman MiHu)
 15571 | Lair:3   | Reached skill level 16 in Ranged Weapons
 15684 | Lair:3   | Found a staircase to the Shoals.
 16318 | Lair:4   | Received a gift from Trog
 16573 | Lair:4   | Reached skill level 17 in Ranged Weapons
 17138 | Lair:4   | Killed Darkkill's ghost
 17323 | D:11     | Noticed Nergalle
 17335 | D:11     | Killed Nergalle
 17393 | D:11     | Found Guur's Weapon Shoppe.
 17409 | D:11     | Found Hatilyr's Book Boutique.
 17467 | D:11     | Reached XP level 15. HP: 134/134 MP: 14/14
 17532 | D:11     | Found a staircase to the Orcish Mines.
 17544 | Orc:1    | Entered Level 1 of the Orcish Mines
 18070 | Orc:1    | Noticed Maurice
 18072 | Orc:1    | Killed Maurice
 18220 | Orc:2    | Entered Level 2 of the Orcish Mines
 20304 | Orc:2    | Found a staircase to the Elven Halls.
 20341 | Orc:2    | Found Muer's Magic Scroll Emporium.
 20341 | Orc:2    | Found Ofyzask's General Store.
 20343 | Orc:2    | Found Igrigras's Weapon Boutique.
 20345 | Orc:2    | Found Woromegh's Assorted Antiques.
 20349 | Orc:2    | Bought a scroll of identify for 24 gold pieces
 20349 | Orc:2    | Bought a scroll of poison for 48 gold pieces
 20349 | Orc:2    | Bought a scroll of summoning for 114 gold pieces
 20349 | Orc:2    | Bought a scroll of identify for 24 gold pieces
 20352 | Orc:2    | Bought a potion of curing for 45 gold pieces
 20352 | Orc:2    | Bought a potion of resistance for 150 gold pieces
 20804 | D:11     | Found Deda's Book Boutique.
 20818 | D:11     | Found Qanuaf's Weapon Shoppe.
 20967 | Orc:2    | Bought a scroll of brand weapon for 114 gold pieces
 21138 | D:11     | Found Pofu's Armour Shop.
 21225 | D:11     | Noticed eyols's ghost (journeyman GrFi)
 21284 | D:11     | Found a transporter.
 21288 | D:11     | Found a transporter.
 21307 | D:11     | Killed eyols's ghost
 21308 | D:11     | Reached skill level 5 in Armour
 21818 | D:12     | Reached skill level 5 in Maces & Flails
 21833 | D:12     | Identified the +2 cloak of Melancholy {rPois rN+ MP+9
                  | Int+4}
 21994 | D:12     | Found Tuleiwat's Assorted Antiques.
 22011 | D:12     | Bought a peridot ring for 100 gold pieces
 22011 | D:12     | Bought a transparent bronze amulet for 100 gold pieces
 22011 | D:12     | Identified the amulet of Divine Intervention {Faith rC++
                  | Int+5 Dex-5} (You bought it in a shop on level 12 of the
                  | Dungeon)
 22011 | D:12     | Bought a scroll of enchant armour for 150 gold pieces
 22011 | D:12     | Bought a potion of resistance for 200 gold pieces
 22390 | D:13     | Reached skill level 18 in Ranged Weapons
 22398 | D:13     | Identified the +2 short sword of the Sea {venom, rC+ Int+4
                  | Dex+3}
 22449 | D:13     | Identified a scroll of acquirement
 22449 | D:13     | Acquired the +1 pair of gloves of Siecom {+Blink Regen+}
 22464 | D:13     | Found Gyemoil's Weapon Shoppe.
 22481 | D:13     | Noticed Azrael
 22486 | D:13     | Killed Azrael
 22597 | D:13     | Reached skill level 15 in Fighting
 22681 | D:13     | Found a portal to a secret trove of treasure.
 23116 | D:14     | Identified the ring "Lihumie" {rC+ rN++ Str+3 Stlth-}
 23653 | D:14     | Reached XP level 16. HP: 149/149 MP: 15/15
 23671 | D:14     | Identified the +3 leather armour of Birdsong {Harm rN++
                  | Regen+ Str-4}
 23685 | D:14     | Noticed Louise
 23686 | D:14     | HP: 7/149 [centaur warrior/arrow (11)]
 23690 | D:14     | Slain by a +6 long sword

Illustrated notes

Levels and vault maps discovered:
D:1:      minmay_arrival_glassed_features, layout_loops_corners,
          minmay_pentomino_v2
D:2:      layout_rooms
D:3:      layout_basic, nicolae_uskayaw_suspiria, minitemple,
          chequers_serial_rivers_small_3, uniq_crazy_yiuf_cottage
D:4:      layout_basic, serial_curves, eino_curves_04, eino_curves_02,
          uniq_grinder
D:5:      layout_cave_pools, lemuel_crystal_altar, minmay_temple_entry_glass,
          uniq_eustachio
D:6:      layout_rooms, uniq_edmund
D:7:      layout_basic, okawaru_ov_weapons_minmay
D:8:      minmay_thinvault, layout_cave_pools
D:9:      layout_irregular_city, serial_column_ruins, column_ruins_open_tiny,
          column_ruins_open_tiny, column_ruins_open_large, column_ruins_grid_3
D:10:     dragon1_lemuel, layout_basic, lightli_temple_of_fire,
          david_lair_generic, enter_bailey_4, nicolae_shop_clearance
D:11:     layout_basic, david_orc_4, gammafunk_ghost_hive, serial_shops,
          nicolae_shop_bloodbath_and_beyond, nicolae_inconvenience_store, shop,
          nicolae_shop_hallway_plus, shop_fountains, uniq_nergalle
D:12:     layout_roguey, serial_shops, nicolae_square_shop
D:13:     layout_irregular_city, serial_shops, shop, enter_trove_2, uniq_azrael
D:14:     minmay_complete_graph, layout_basic, erik_vaults_1, serial_park_gazebo
          [serial_park_minivault_5x5_6], uniq_louise
Lair:1:   layout_long_grid, chequers_serial_rivers_small_3, grunt_megastairs_4,
          uniq_fannar, uniq_amaemon
Lair:2:   layout_chaotic_city, minmay_snake_entry_guardpost_medium, uniq_sonja
Lair:3:   layout_roguey, shoals_dummy_entry, gauntlet_entry_generic,
          forest_entry_grove
Lair:4:   hangedman_what_comes_after_a, layout_regular_city,
          gammafunk_ghost_arena
Lair:5:   minmay_lair_end_enchanted_forest, layout_gridlike, slime_entry_1,
          uniq_nessos, uniq_kirke
Orc:1:    layout_caves, nicolae_orc_rockfall, hellmonk_guarded_unrand_dark_maul,
          uniq_maurice
Orc:2:    st_orc_rangers, layout_caves, guppyfry_library_mini

Skill      XL: |  1  2  3  4  5  6  7  8  9 10 11 12 13 14 15 |
---------------+----------------------------------------------+-----
Axes           | 4 5 6 7 8 10 11 13 15 16 17 | 17.8
Fighting       | 4 5 6 7 8 9 10 11 12 14 15 | 15.4
Ranged Weapons | 1 4 7 9 11 13 15 17 18 | 18.6
Maces & Flails | 3 8 |  8.2
Evocations     | 2 4 6 7 9 |  9.5
Armour         | 6 |  6.9
Dodging        | |  2.1

Action                   |  1- 3 |  4- 6 |  7- 9 | 10-12 | 13-15 | 16-18 || total
-------------------------+-------+-------+-------+-------+-------+-------++-------
Melee: Hand axe          |    65 |    31 |    82 |       |       |       ||   178
       Headbutt          |     6 |    11 |    31 |    55 |   160 |     4 ||   267
       Dagger            |     8 |    32 |       |       |       |       ||    40
       Punch             |       |       |     5 |     5 |    12 |       ||    22
       Flail             |       |       |    10 |       |       |       ||    10
       Broad axe         |       |       |    94 |   259 |   665 |       ||  1018
       Dire flail        |       |       |       |       |    11 |       ||    11
       Maul              |       |       |       |       |   171 |    12 ||   183
 Fire: Shortbow          |       |       |    38 |    72 |    21 |       ||   131
       Longbow           |       |       |       |       |    58 |       ||    58
       Arbalest          |       |       |       |       |   102 |       ||   102
Throw: Stone             |     3 |       |       |       |       |       ||     3
       Dart              |       |       |     4 |     9 |       |       ||    13
       Boomerang         |       |       |       |     2 |    14 |       ||    16
Invok: Berserk           |     1 |     4 |    12 |     6 |    15 |       ||    38
       Trog's Hand       |       |     1 |     4 |     8 |    29 |     1 ||    43
       Brothers in Arms  |       |       |       |       |     2 |       ||     2
Evoke: Wand              |       |       |       |     4 |     4 |       ||     8
       Piece from Xom's  |       |       |       |       |     1 |       ||     1
  Use: Scroll            |     2 |       |     4 |    18 |    19 |     3 ||    46
       Potion            |       |       |       |     3 |     3 |     1 ||     7
 Stab: Sleeping          |     1 |       |       |       |       |       ||     1
       Petrifying        |       |       |       |       |     2 |       ||     2
       Petrified         |       |       |       |       |     1 |     2 ||     3
Armor: Animal skin       |    21 |    16 |       |       |       |       ||    37
       Scale mail        |       |     7 |    27 |       |       |       ||    34
       Plate armour      |       |       |   123 |   200 |  1159 |    37 ||  1519
Dodge: Dodged            |    56 |    28 |    85 |    97 |   428 |    25 ||   719

Table legend: (Time is in decaauts)
 A = Elapsed time spent in this place.
 B = Non-inter-level travel time spent in this place.
 C = Inter-level travel time spent in this place.
 D = Time resting spent in this place.
 E = Time spent auto-exploring this place.
 F = Levels seen in this place.
 G = Mean time per level.
                   A        B        C        D        E       F      G
               +--------+--------+--------+--------+--------+-----+--------+
         Total |  24154 |  23237 |    917 |   7230 |  10585 |  23 | 1050.2 |
       Dungeon |  12651 |  12142 |    509 |   2323 |   7023 |  14 |  903.6 |
          Lair |   7660 |   7470 |    190 |   3048 |   2895 |   5 | 1532.0 |
  Orcish Mines |   3181 |   2963 |    218 |   1690 |    526 |   2 | 1590.5 |
        Bailey |    503 |    503 |      0 |    147 |    121 |   1 |  503.0 |
      Gauntlet |    158 |    158 |      0 |     21 |     19 |   1 |  158.0 |
               +--------+--------+--------+--------+--------+-----+--------+

Top non-repeatable levels by time:
  Lair:5: 3758 daAuts
   Orc:2: 1835 daAuts
  Lair:4: 1367 daAuts
   Orc:1: 1346 daAuts
     D:5: 1259 daAuts
    D:11: 1245 daAuts
    D:10: 1091 daAuts
     D:4: 1036 daAuts
     D:3: 986 daAuts
     D:8: 971 daAuts
    D:13: 920 daAuts
     D:7: 918 daAuts
  Lair:3: 868 daAuts
  Lair:2: 838 daAuts
  Lair:1: 827 daAuts
